 Dungeon Crawl Stone Soup version 0.28-a0-657-g71136c5590 (webtiles) character file.

Game seed: 16836978725926130571

56400 Rennog the Fencer (level 14, -12/121 HPs)
             Began as a Barachi Fighter on Oct 13, 2021.
             Was the Champion of Okawaru.
             Mangled by an enormous slime creature (54 damage)
             ... in a Gauntlet.
             The game lasted 00:53:11 (29510 turns).

Rennog the Fencer (Barachi Fighter)                Turns: 29510, Time: 00:53:11

Health: -12/121    AC: 22    Str: 18    XL:     14   Next: 81%
Magic:  13/14      EV: 10    Int: 13    God:    Okawaru [******]
Gold:   818        SH: 17    Dex: 18    Spells: 13/13 levels left

rFire   + + +      SeeInvis .   v - +3 double sword (vorpal)
rCold   . . .      Faith    .   y - +0 kite shield {rF+}
rNeg    + . .      Spirit   .   O - +5 plate armour of Heniaghia {rN+}
rPois   .          Reflect  +   (no helmet)
rElec   .          Harm     .   a - scarf {rC+ rF+}
rCorr   .          Rampage  .   V - +1 pair of gloves {Stlth+}
Will    +....      NoTele   +   (no boots)
Stlth   ..........              b - amulet of reflection
HPRegen 0.30/turn               p - ring "Ocha" {Fire Str-2 Int+3 Dex+5 Stlth+}
MPRegen 0.14/turn               (no ring)

@: slow
A: amphibious, slowness 1, strong legs 2, +LOS
a: Hop, Renounce Religion, Heroism, Finesse, Duel


You were in a Gauntlet.
You worshipped Okawaru.
Okawaru was exalted by your worship.
You visited 2 branches of the dungeon, and saw 19 of its levels.
You also visited: Sewer, Bailey and Gauntlet.

You collected 873 gold pieces.
You spent 55 gold pieces at shops.

Inventory:

Hand Weapons
 t - the +5 great sword "Giant's Toothpick" {venom, Str+6}
   (Okawaru gifted it to you on level 4 of the Lair of Beasts)

   It poisons the flesh of those it strikes.
   Str:       It affects your strength (+6).
 v - a +3 vorpal double sword (weapon)
 X - a +4 flail of holy wrath
Missiles
 q - 6 silver javelins (quivered)
 s - 6 atropa-tipped darts
Armour
 a - a scarf of resistance (worn)
 y - a +0 kite shield of fire resistance (worn)
 D - a +0 cloak
 K - a +0 helmet of intelligence
 O - the +5 plate armour of Heniaghia (worn) {rN+}
   (You found it on level 9 of the Dungeon)

   rN:        It protects you from negative energy.
 V - a +1 pair of gloves of stealth (worn)
Jewellery
 b - an amulet of reflection (around neck)
 e - an amulet of guardian spirit
 g - a ring of fire
 p - the ring "Ocha" (left hand) {Fire Str-2 Int+3 Dex+5 Stlth+}
   (You found it on level 4 of the Dungeon)

   [ring of fire]

   It enhances your fire magic.
   Str:       It affects your strength (-2).
   Int:       It affects your intelligence (+3).
   Dex:       It affects your dexterity (+5).
   rF:        It protects you from fire.
   rC:        It makes you vulnerable to cold.
   Stlth:     It makes you more stealthy.
 I - a ring of ice
 Z - a ring of resist corrosion
Wands
 j - a wand of polymorph (11)
 J - a wand of iceblast (9)
 L - a wand of mindburst (8)
 P - a wand of flame (71)
 R - a wand of digging (5)
 Y - a wand of acid (23)
Scrolls
 c - 2 scrolls of enchant weapon
 f - 3 scrolls of fog
 k - 3 scrolls of noise
 m - 5 scrolls of amnesia
 r - 3 scrolls of enchant armour {unknown}
 u - 2 scrolls of brand weapon {unknown}
 F - 2 scrolls of blinking
 G - 2 scrolls of magic mapping
 H - 5 scrolls of fear
 M - a scroll of holy word {unknown}
 S - 2 scrolls of torment {unknown}
Potions
 d - 3 potions of might
 h - 2 potions of lignification {unknown}
 i - a potion of berserk rage {unknown}
 l - 4 potions of cancellation
 o - 5 potions of curing
 x - 2 potions of magic {unknown}
 z - 4 potions of haste
 A - 3 potions of brilliance
 B - a potion of resistance {unknown}
 C - a potion of mutation {unknown}
 N - 2 potions of ambrosia {unknown}
 U - a potion of flight
Miscellaneous
 n - a lightning rod (4/4)
 E - a tin of tremorstones (2/2)
 T - a phantom mirror


   Skills:
 + Level 14.6 Fighting
 * Level 19.3 Long Blades
 + Level 11.8 Armour
 + Level 11.0 Dodging
 + Level 9.4 Shields


You had 13 spell levels left.
You didn't know any spells.
Your spell library contained the following spells:

 Spells                   Type           Power      Damage    Failure   Level
 Beastly Appendage        Tmut           0%         N/A       100%        1
 Freeze                   Ice            0%         1d3       100%        1
 Pain                     Necr           0%         1d4       100%        1
 Ensorcelled Hibernation  Hex/Ice        0%         N/A       100%        2
 Scorch                   Fire           0%         2d5       100%        2
 Sublimation of Blood     Necr           0%         N/A       100%        2
 Wereblood                Tmut           0%         N/A       100%        2
 Frozen Ramparts          Ice            0%         1d2       100%        3
 Ignite Poison            Fire/Tmut/Pois 0%         N/A       100%        3
 Mephitic Cloud           Conj/Pois/Air  0%         N/A       100%        3
 Spider Form              Tmut/Pois      0%         N/A       100%        3
 Flame Wave               Conj/Fire      0%         3d3       100%        4
 Hailstorm                Conj/Ice       0%         3d3       100%        4
 Passage of Golubria      Tloc           N/A        N/A       100%        4
 Petrify                  Tmut/Erth      0%         N/A       100%        4
 Agony                    Necr           0%         N/A       100%        5
 Blade Hands              Tmut           0%         N/A       100%        5
 Excruciating Wounds      Necr           0%         N/A       100%        5
 Freezing Cloud           Conj/Ice/Air   0%         6-21      100%        5
 Irradiate                Conj/Tmut      0%         3d13      100%        5
 Iskenderun's Battlesphe  Conj           0%         2d6       100%        5
 Yara's Violent Unravell  Hex/Tmut       0%         3d3       100%        5
 Iron Shot                Conj/Erth      0%         9d1       100%        6
 Tukima's Dance           Hex            Unusable   N/A       N/A         3
 Animate Armour           Summ/Erth      Unusable   N/A       N/A         4
 Summon Cactus Giant      Summ           Unusable   N/A       N/A         6
 Spellforged Servitor     Conj/Summ      Unusable   N/A       N/A         7

Dungeon Overview and Level Annotations

Branches:
Dungeon (13/15)            Temple (0/1) D:4            Lair (6/6) D:9
 Shoals (0/4) Lair:3        Snake (0/4) Lair:2        Slime (0/5) Lair:5
    Orc (0/2) D:10          Sewer (visited)          Bailey (visited)
Gauntlet (1/1)
 Vaults: D:13-14

Altars:
Ashenzari
Cheibriados
Elyvilon
Fedhas
Nemelex Xobeh
Okawaru
Ru
Sif Muna
Vehumet
Yredelemnul
Jiyva

Shops:
D:4 [*!   D:8 :*

Annotations:
D:7 2 transporters, AttackTheMoon's ghost, novice KoDe Gauntlet 11 transporters, exclusion: lightning spire


Innate Abilities, Weirdness & Mutations

You are amphibious.
You cover ground slowly.
You can hop long distances.
You have an extended range of vision and can be seen from far away.


Message History

The enormous slime creature hits you!! The jelly hits you but does no damage.
You slice the enormous slime creature!!
The enormous slime creature is moderately wounded.
You block the enormous slime creature's attack.
You block the jelly's attack.
You hit the enormous slime creature.
The enormous slime creature is moderately wounded.
You block the enormous slime creature's attack.
You hit the enormous slime creature.
The enormous slime creature is moderately wounded.
The jelly barely misses you.
You hit the enormous slime creature.
The enormous slime creature is moderately wounded.
You block the enormous slime creature's attack.
The jelly closely misses you.
You slice the enormous slime creature!!
The enormous slime creature is heavily wounded.
You block the enormous slime creature's attack.
You hit the enormous slime creature.
The enormous slime creature is heavily wounded.
You block the jelly's attack. The enormous slime creature hits you!!!
* * * LOW HITPOINT WARNING * * *
You feel much better. The jelly closely misses you.
You block the enormous slime creature's attack.
You slice the enormous slime creature!!
The enormous slime creature is severely wounded.
You block the jelly's attack.
You slice the enormous slime creature!!
The enormous slime creature is severely wounded.
You feel like a meek peon again. The enormous slime creature hits you!!
* * * LOW HITPOINT WARNING * * *
You block the jelly's attack.
You feel much better.
The enormous slime creature completely misses you.
The jelly hits you but does no damage.
You slash the enormous slime creature!
The enormous slime creature is severely wounded.
The enormous slime creature hits you!!!
You die...

....©.........§.....≈##
#########.#########.##
#.##.##h#.##.#.#.##.≈##
##..#.h##.#.#.#.#.#.≈≈#
##.##.###.##.#.#.##.≈##
#.#.©#hp#.#.#.#©#.#.##
###.##h##.##.#.#J##.≈##
#(.#..#h#.#.#.#J#J#.≈≈#
#.##©##h#.##.#©#@##.≈##
###################.##
...#©.........©#....≈##
.⌠.#.⌠.⌠.⌠.⌠.⌠.#.⌠..≈≈#
...#©.........©#....≈##
#########.#########.##
#.....Y9#.#h#h#hp##.≈##
#.8.8.⌠.#.##.#h##h#.≈≈#
#^.P...^#.##.##..##.≈##


You could see an enormous slime creature, a necromancer, 5 wolves and 2 jellies.

Vanquished Creatures
  Jorgrun (D:13)
  Rupert (D:13)
  A storm dragon (D:11)
  A stone giant (D:11)
  A deep elf annihilator (D:11)
  A fire dragon (shapeshifter) (D:11)
  A fire dragon (D:11)
  Josephine (Lair:4)
  A boulder beetle (D:12)
  Harold (D:7)
  2 hydras
  A catoblepas (D:13)
  2 centaur warriors
  3 two-headed ogres
  A tengu warrior (D:11)
  Urug (Lair:2)
  A deep troll earth mage (D:11)
  7 death yaks (D:8)
  Nergalle (Lair:1)
  Sonja (Lair:2)
  A flayed ghost (D:11)
  2 deep elf pyromancers
  A phantasmal warrior (D:11)
  2 ugly things (D:11)
  2 cyclopes
  3 manticores
  3 black mambas
  4 elephants (Lair:4)
  An ice statue (D:9)
  A gargoyle (D:12)
  Maurice (D:9)
  17 cane toads
  2 efreet
  An unseen horror (D:13)
  4 rime drakes
  6 komodo dragons
  A tengu conjurer (D:11)
  A yaktaur (D:11)
  4 polar bears
  Grinder (D:6)
  A wind drake (Lair:3)
  2 trolls
  A tyrant leech (Lair:6)
  17 blink frogs
  7 slime creatures
  2 shadows
  2 vampires
  3 wraiths (Lair:3)
  A spriggan (Lair:2)
  32 yaks
  2 basilisks
  7 vampire mosquitoes
  2 steam dragons
  An acid dragon (D:11)
  10 water moccasins
  3 black bears
  An ice beast (D:6)
  4 orc warriors
  A hornet zombie (D:8)
  4 necrophages
  A boggart (D:11)
  4 wolves (Lair:2)
  5 centaurs
  A phantom (D:6)
  3 kobold brigands
  14 bullfrogs
  2 gnoll sergeants (D:10)
  A water moccasin skeleton (D:6)
  A wyvern skeleton (D:7)
  9 killer bees (D:8)
  12 wights
  6 howler monkeys
  2 lava snakes (D:9)
  4 centaur zombies
  2 bullfrog zombies
  6 hounds
  A jelly (D:4)
  An orc priest (D:8)
  A bullfrog skeleton (D:5)
  2 iguanas
  Ijyb (D:5)
  7 orc wizards
  6 hell rats
  A howler monkey zombie (D:9)
  15 gnolls
  A howler monkey skeleton (D:5)
  7 adders
  6 river rats
  2 ufetubi (D:5)
  A worm (D:5)
  5 dart slugs
  31 orcs
  5 bats
  10 endoplasms
  3 giant cockroaches
  6 goblins
  9 jackals (D:2)
  23 kobolds
  2 quokkas
  11 ball pythons
  2 frilled lizards
  27 rats
450 creatures vanquished.

Vanquished Creatures (others)
  An orc wizard (D:8)
  An orc (D:8)
  A kobold (D:9)
  4 fungi
  57 plants
64 creatures vanquished.

Grand Total: 514 creatures vanquished

Notes
Turn   | Place    | Note
-------+----------+-------------------------------------------
     0 | D:1      | Rennog the Barachi Fighter began the quest for the Orb.
     0 | D:1      | Reached XP level 1. HP: 18/18 MP: 1/1
   247 | D:1      | Reached XP level 2. HP: 25/25 MP: 2/2
   545 | D:1      | Reached skill level 1 in Dodging
   639 | D:1      | Reached XP level 3. HP: 30/30 MP: 3/3
   913 | D:2      | Reached skill level 3 in Long Blades
  1126 | D:1      | Reached XP level 4. HP: 30/38 MP: 4/4
  2052 | D:3      | Found a blossoming altar of Fedhas.
  2087 | D:3      | Reached skill level 5 in Fighting
  2087 | D:3      | Reached XP level 5. HP: 32/44 MP: 5/5
  2286 | D:3      | Noticed a water moccasin
  2295 | D:3      | HP: 2/44 [water moccasin (4)]
  2297 | D:3      | Killed a water moccasin
  2938 | D:3      | Reached XP level 6. HP: 51/51 MP: 6/6
  3146 | D:4      | Reached skill level 4 in Long Blades
  3217 | D:4      | Found Beri's Armour Shoppe.
  3239 | D:4      | Identified the ring "Ocha" {Fire Str-2 Int+3 Dex+5 Stlth+}
  3540 | D:4      | Reached skill level 5 in Armour
  3706 | D:4      | Found Xigerchu's Distillery.
  3779 | D:4      | Bought a potion of heal wounds for 55 gold pieces
  3789 | D:4      | Found Meuph's Assorted Antiques.
  3812 | D:4      | Found a staircase to the Ecumenical Temple.
  3927 | D:4      | Reached XP level 7. HP: 25/59 MP: 7/7
  4126 | D:4      | Found a faded altar of an unknown god.
  4126 | D:4      | Found a snail-covered altar of Cheibriados.
  4134 | D:4      | Found a basalt altar of Yredelemnul.
  4136 | D:4      | Found a sacrificial altar of Ru.
  4138 | D:4      | Found a faded altar of an unknown god.
  4289 | D:5      | Entered Level 5 of the Dungeon
  4311 | D:5      | Noticed Ijyb
  4386 | D:5      | Killed Ijyb
  4529 | D:5      | Found a shimmering blue altar of Sif Muna.
  4803 | D:5      | Reached skill level 5 in Long Blades
  5093 | D:5      | Reached XP level 8. HP: 14/68 MP: 8/8
  5733 | D:6      | Noticed Grinder
  5736 | D:6      | Paralysed by Grinder for 5 turns
  5749 | D:6      | Killed Grinder
  5750 | D:6      | Reached skill level 6 in Long Blades
  5764 | D:6      | Found an iron altar of Okawaru.
  5779 | D:6      | Became a worshipper of Warmaster Okawaru
  5867 | D:6      | Reached skill level 5 in Dodging
  5914 | D:6      | Reached XP level 9. HP: 13/76 MP: 9/9
  6089 | D:6      | Found a glowing drain.
  6102 | Sewer    | Entered a sewer
  7732 | D:6      | Reached skill level 10 in Fighting
  7732 | D:6      | Reached skill level 7 in Long Blades
  7974 | D:7      | Reached * piety under Okawaru
  8539 | D:7      | Found a white marble altar of Elyvilon.
  8608 | D:7      | Noticed Harold
  8630 | D:7      | Killed Harold
  9018 | D:7      | Noticed AttackTheMoon's ghost (novice KoDe)
  9020 | D:7      | Found a transporter.
  9036 | D:7      | Found a transporter.
  9343 | D:7      | Identified the +6 scimitar "Muot Meg" {venom, rC+ Str+5}
  9478 | D:8      | Reached skill level 8 in Long Blades
  9478 | D:8      | Reached XP level 10. HP: 71/88 MP: 10/10
  9579 | D:8      | Found Iado's Incredible Inventory.
  9642 | D:8      | Noticed a two-headed ogre
  9662 | D:8      | Killed a two-headed ogre
  9662 | D:8      | Reached ** piety under Okawaru
  9911 | D:8      | Found Gaenk's Book Shoppe.
 10126 | D:8      | Found a broken altar of Ashenzari.
 10354 | D:9      | Noticed a death yak
 10354 | D:9      | Noticed a death yak
 10354 | D:9      | Noticed a death yak
 10354 | D:9      | Noticed a death yak
 10354 | D:9      | Noticed a death yak
 10354 | D:9      | Noticed a death yak
 10354 | D:9      | Found a staircase to the Lair.
 11106 | D:9      | Noticed a death yak
 11167 | D:9      | Noticed Maurice
 11288 | D:8      | Reached *** piety under Okawaru
 11289 | D:8      | Reached skill level 9 in Long Blades
 11422 | D:8      | Killed a death yak
 11423 | D:8      | Reached skill level 5 in Shields
 11596 | D:8      | Killed a death yak
 11604 | D:8      | Killed a death yak
 11604 | D:8      | Reached **** piety under Okawaru
 11605 | D:8      | Reached skill level 10 in Long Blades
 11605 | D:8      | Reached XP level 11. HP: 49/96 MP: 11/11
 11960 | D:8      | Killed a death yak
 12319 | D:8      | Killed a death yak
 12319 | D:8      | Reached ***** piety under Okawaru
 12609 | D:8      | Killed a death yak
 12862 | D:8      | Killed a death yak
 13031 | D:9      | Found a radiant altar of Vehumet.
 13035 | D:9      | Found a sparkling altar of Nemelex Xobeh.
 13092 | D:9      | Identified the +5 plate armour of Heniaghia {rN+}
 13121 | D:9      | Killed Maurice
 13121 | D:9      | Received a gift from Okawaru
 13273 | D:9      | Reached skill level 11 in Long Blades
 13591 | D:9      | Identified the +2 scale mail of Shadows and Fog {rF+ rC+
                  | rCorr MP+9}
 13871 | D:10     | Entered Level 10 of the Dungeon
 14814 | D:10     | Noticed a two-headed ogre
 14819 | D:10     | Killed a two-headed ogre
 14951 | D:10     | Found a staircase to the Orcish Mines.
 15096 | D:11     | Found a flagged portal.
 15111 | Bailey   | Entered a bailey
 15111 | Bailey   | Noticed an orc knight
 15395 | D:11     | Noticed a white ugly thing
 15396 | D:11     | Noticed a deep elf pyromancer
 15413 | D:11     | Noticed a centaur warrior
 15916 | D:11     | Noticed an ice dragon
 15974 | Lair:1   | Entered Level 1 of the Lair of Beasts
 16091 | Lair:1   | Noticed Nergalle
 16092 | Lair:1   | Noticed a seven-headed hydra
 16128 | Lair:2   | Found a sparkling altar of Nemelex Xobeh.
 16225 | Lair:2   | Noticed Urug
 16238 | Lair:2   | Killed Urug
 16239 | Lair:2   | Reached XP level 12. HP: 76/105 MP: 9/12
 16248 | Lair:2   | Reached skill level 12 in Long Blades
 16553 | Lair:2   | Noticed Sonja
 16558 | Lair:2   | Killed Sonja
 16623 | Lair:2   | Found a staircase to the Snake Pit.
 16934 | Lair:2   | Reached skill level 13 in Long Blades
 17208 | Lair:2   | Received a gift from Okawaru
 17589 | Lair:2   | Reached skill level 14 in Long Blades
 18130 | Lair:3   | Noticed an eight-headed hydra
 18741 | Lair:3   | Found a staircase to the Shoals.
 18934 | Lair:3   | Reached skill level 15 in Long Blades
 19791 | Lair:4   | Received a gift from Okawaru
 19792 | Lair:4   | Reached skill level 16 in Long Blades
 19860 | Lair:4   | Gained mutation: You can hop long distances. [Barachi
                  | growth]
 19860 | Lair:4   | Reached XP level 13. HP: 103/111 MP: 13/13
 20113 | Lair:4   | Noticed Josephine
 20171 | Lair:4   | Killed Josephine
 20172 | Lair:4   | Reached skill level 17 in Long Blades
 21451 | Lair:4   | Identified the +5 great sword "Giant's Toothpick" {venom,
                  | Str+6} (Okawaru gifted it to you on level 4 of the Lair of
                  | Beasts)
 21451 | Lair:4   | Received a gift from Okawaru
 21518 | Lair:5   | Reached skill level 10 in Armour
 22549 | Lair:5   | Found a staircase to the Slime Pits.
 22550 | Lair:5   | Found a viscous altar of Jiyva.
 22913 | Lair:6   | Entered Level 6 of the Lair of Beasts
 23908 | Lair:6   | Received a gift from Okawaru
 24134 | Lair:6   | HP: 5/112 [six-headed hydra (2)]
 24630 | Lair:1   | Reached skill level 18 in Long Blades
 24764 | Lair:1   | Killed Nergalle
 25335 | D:11     | Noticed a fire dragon
 25335 | D:11     | an ice dragon changed into a fire dragon
 25336 | D:11     | Killed a fire dragon
 25337 | D:11     | Reached skill level 10 in Dodging
 25645 | D:11     | Received a gift from Okawaru
 26013 | D:11     | Reached ****** piety under Okawaru
 26025 | D:11     | Reached XP level 14. HP: 119/119 MP: 14/14
 26515 | D:11     | Identified the +5 dagger of the Apocalypse {vorpal, Dex+2}
 26634 | D:11     | Noticed a deep elf annihilator
 27023 | D:11     | Killed a deep elf annihilator
 27200 | D:11     | You fall into a shaft and drop 1 floor!
 28094 | D:11     | Noticed a storm dragon
 28116 | D:11     | Killed a storm dragon
 28340 | D:11     | Noticed a stone giant
 28350 | D:11     | Killed a stone giant
 28351 | D:11     | Reached skill level 19 in Long Blades
 28458 | D:11     | Noticed a frost giant
 28934 | D:13     | Noticed Rupert
 28956 | D:13     | Killed Rupert
 29085 | D:13     | Noticed Jorgrun
 29096 | D:13     | Killed Jorgrun
 29140 | D:13     | Received a gift from Okawaru
 29156 | D:13     | Found a gate leading to a gauntlet.
 29161 | Gauntlet | Entered a Gauntlet
 29161 | Gauntlet | Found a transporter.
 29161 | Gauntlet | Found a transporter.
 29333 | Gauntlet | Found a transporter.
 29334 | Gauntlet | Found a transporter.
 29346 | Gauntlet | Found a transporter.
 29354 | Gauntlet | Found a transporter.
 29359 | Gauntlet | Found a transporter.
 29367 | Gauntlet | Found a transporter.
 29386 | Gauntlet | Found a transporter.
 29403 | Gauntlet | Found a transporter.
 29407 | Gauntlet | Found a transporter.
 29415 | Gauntlet | Found a transporter.
 29510 | Gauntlet | Mangled by an enormous slime creature

Illustrated notes

Levels and vault maps discovered:
D:1:      amcnicky_arrival_abandoned_market, layout_basic,
          ebering_dispersal_statue_hall
D:2:      layout_basic
D:3:      layout_loops_ring, nicolae_overflow_crystal_walls
D:4:      layout_cave_pools, chequers_temple_overflow_minitemple,
          minmay_temple_entry_glassed_door, serial_shops,
          nicolae_shop_behind_doors, nicolae_shop_crystal, kennysheep_mini,
          serial_forest, infiniplex_forest_end_double,
          infiniplex_forest_corner_2, infiniplex_forest_pool,
          infiniplex_forest_clump_small, infiniplex_forest_clump_small,
          infiniplex_forest_zigzag_1, infiniplex_forest_pool,
          infiniplex_forest_clump_long
D:5:      layout_loops_ring, lemuel_doored_altar, kennysheep_generic_room_2,
          uniq_ijyb
D:6:      layout_basic, kennysheep_mini_moat, cheibrodos_sewer_entry_sluice,
          st_stairs_14, chequers_arboretum, minmay_misc_feat_four_crosses,
          uniq_grinder
D:7:      layout_gridville, nicolae_elyvilon_peaceful_grove,
          gammafunk_ghost_stat_death, uniq_harold
D:8:      layout_basic, nicolae_ashenzari_skybound, serial_shops,
          nicolae_shop_waterfront, nicolae_alphabet_shops
D:9:      layout_rooms, gammafunk_temple_overflow_pools, dpeg_lair_monsters,
          minivault_15, kennysheep_small_spiral, uniq_maurice
D:10:     layout_gridville, hiddenorc1_lemuel
D:11:     minmay_tearing_corner, layout_basic, enter_bailey_7
D:12:     layout_small_grid
D:13:     layout_roguey, gauntlet_entry_generic, special_room
          [special_room_orc], minivault_16, uniq_jorgrun, uniq_snorg,
          uniq_rupert
Lair:1:   layout_regular_city, minivault_11, infiniplex_staircase_pool_2,
          uniq_nergalle
Lair:2:   layout_cave_pods, dummy_snake_entry, basic_altar, forest_entry_grove,
          lemuel_fruit_tree, uniq_sonja, uniq_urug
Lair:3:   layout_chaotic_city, minmay_shoals_entry_beasts, st_stairs_3,
          grunt_megastairs_3
Lair:4:   layout_cave_pods, uniq_josephine
Lair:5:   layout_roguey, slime_altar_1
Lair:6:   minmay_lair_end_frog_pond, layout_hall_layers, lemuel_fruit_fields
Gauntlet: minmay_gauntlet_77_indecision
          [minmay_gauntlet_arena_77_tiled_triplets,
          minmay_gauntlet_arena_77_checkered, minmay_gauntlet_arena_77_museum,
          minmay_gauntlet_arena_77_mess,
          minmay_gauntlet_arena_77_chump_sandwich,
          minmay_gauntlet_arena_77_terracotta_army, gauntlet_exit_spiral]

Skill      XL: |  1  2  3  4  5  6  7  8  9 10 11 12 13 14 |
---------------+-------------------------------------------+-----
Fighting       | 4 5 6 7 9 11 12 13 14 | 14.6
Dodging        | 1 2 3 4 5 6 8 9 10 11 | 11.0
Armour         | 4 5 6 7 8 9 10 11 | 11.8
Long Blades    | 3 4 5 6 8 10 11 16 18 19 | 19.3
Shields        | 5 6 7 8 9 |  9.4

Action                   |  1- 3 |  4- 6 |  7- 9 | 10-12 | 13-15 || total
-------------------------+-------+-------+-------+-------+-------++-------
Melee: Long sword        |   105 |   156 |   456 |       |       ||   717
       Scimitar          |       |       |    14 |   329 |       ||   343
       Double sword      |       |       |       |   205 |   625 ||   830
       Flail             |       |       |       |       |    22 ||    22
Throw: Dart              |       |       |       |     3 |       ||     3
       Javelin           |       |       |       |       |     4 ||     4
Invok: Heroism           |       |       |     1 |     4 |     7 ||    12
 Abil: Hop               |       |       |     2 |    11 |     7 ||    20
Evoke: Wand              |       |       |       |       |     1 ||     1
  Use: Potion            |       |     2 |     6 |     5 |     5 ||    18
       Scroll            |       |       |       |    10 |     9 ||    19
 Stab: Petrified         |       |       |       |       |    10 ||    10
Armor: Scale mail        |    50 |    75 |    58 |       |       ||   183
       Chain mail        |       |       |   199 |    85 |       ||   284
       Plate armour      |       |       |       |   213 |   342 ||   555
Dodge: Dodged            |    62 |   103 |   260 |   269 |   244 ||   938
Block: Buckler           |    27 |    37 |   165 |       |       ||   229
       Kite shield       |       |       |    16 |   357 |   455 ||   828
       Reflection        |       |       |       |       |    10 ||    10

Table legend: (Time is in decaauts)
 A = Elapsed time spent in this place.
 B = Non-inter-level travel time spent in this place.
 C = Inter-level travel time spent in this place.
 D = Time resting spent in this place.
 E = Time spent auto-exploring this place.
 F = Levels seen in this place.
 G = Mean time per level.
                   A        B        C        D        E       F      G
               +--------+--------+--------+--------+--------+-----+--------+
         Total |  31981 |  29581 |   2400 |   5573 |  19530 |  22 | 1453.7 |
       Dungeon |  20530 |  18515 |   2015 |   3411 |  12074 |  13 | 1579.2 |
          Lair |   9801 |   9417 |    384 |   2162 |   6171 |   6 | 1633.5 |
         Sewer |   1258 |   1258 |      0 |      0 |    982 |   1 | 1258.0 |
        Bailey |     16 |     16 |      0 |      0 |      0 |   1 |   16.0 |
      Gauntlet |    374 |    374 |      0 |      0 |    301 |   1 |  374.0 |
               +--------+--------+--------+--------+--------+-----+--------+

Top non-repeatable levels by time:
    D:11: 3767 daAuts
     D:8: 3757 daAuts
  Lair:5: 3019 daAuts
  Lair:2: 2651 daAuts
  Lair:4: 2250 daAuts
     D:7: 1902 daAuts
     D:3: 1522 daAuts
     D:5: 1435 daAuts
     D:6: 1315 daAuts
     D:4: 1293 daAuts
   Sewer: 1258 daAuts
    D:10: 1181 daAuts
     D:2: 1080 daAuts
     D:9: 1002 daAuts
     D:1: 979 daAuts
